Map: Automaton LE

Players

TheJaGi

  • Race: Zerg Zerg
  • Spawn Location: 9:00

A.I. 1 (Very Easy) - Winner!

  • Race: Protoss Protoss
  • Spawn Location: 3:00

VOD

Have the link to the VOD?

Description

Time

  • Played on: March 2, 2019, 2:31 p.m.
  • Length: 5:21
Show
View Real Time Build Order
Export as new Build Order

TheJaGi Zerg 

Build Orders: Hatch First 

Get SALT Encoding   

  12  0:02  Drone  
  13  0:13  Overlord  
  13  0:18  Drone  
  14  0:31  Drone x2  
  16  0:36  Drone  
  17  0:56  Hatchery  
  16  1:01  Drone  
  16  1:02  Drone  
  18  1:07  Extractor  
  18  1:09  Drone  
  18  1:23  Spawning Pool  
  17  1:26  Drone  
  17  1:31  Drone  
  19  1:40  Drone  
  20  1:52  Drone  
  21  2:01  Overlord  
  21  2:09  Queen  
  21  2:10  Queen  
  25  2:16  Metabolic Boost  
  25  2:20  Zergling x2  
  25  2:21  Zergling x2  
  27  2:27  Overlord  
  27  2:31  Drone  
  27  2:33  Drone  
  29  2:46  Drone  
  29  2:47  Drone  
  29  2:48  Drone  
  32  2:53  Lair  
  32  3:04  Queen  
  34  3:11  Drone  
  34  3:12  Drone  
  36  3:21  Drone, Roach Warren  
  36  3:24  Drone, Evolution Chamber  
  36  3:29  Drone  
  36  3:31  Drone  
  36  3:34  Overlord  
  38  3:39  Drone  
  38  3:40  Drone  
  38  3:41  Drone  
  41  3:46  Spore Crawler  
  40  3:50  Spore Crawler  
  40  3:52  Drone  
  40  3:53  Drone  
  40  3:54  Drone  
  42  4:01  Drone  
  43  4:09  Extractor  
  42  4:11  Extractor  
  41  4:19  Overlord x2, Roach  
  41  4:23  Drone, Roach  
  46  4:40  Roach x3  
  54  4:53  Roach x3  
  54  4:54  Overlord, Roach  
  54  4:58  Drone  
Show
View Real Time Build Order
Export as new Build Order

A.I. 1 (Very Easy) Protoss - Winner!

Build Orders:  

Get SALT Encoding   

  12  0:00  Probe  
  13  0:13  Probe  
  14  0:21  Pylon  
  14  0:38  Assimilator  
  14  0:44  Gateway  
  14  0:47  Pylon  
  14  1:15  Assimilator  
  14  1:25  Probe  
  14  1:31  Zealot  
  17  1:33  Probe  
  17  1:34  Cybernetics Core  
  18  1:42  Probe  
  19  1:52  Probe  
  20  2:01  Probe  
  21  2:09  Probe  
  21  2:10  Warp Gate  
  22  2:40  Stalker  
Tags
 
Matchup
PvZ
Spawn Locations
Cross Positions
Add a new tag
Caveats
  • Supply blocks, unpowered buildings, or Contaminate may cause inaccurate times.
  • Supply counts are checked every 10 seconds.